 Dungeon Crawl Stone Soup version 0.21-a0-507-ga8f6b7a (webtiles) character file.

375 Hafrunt the Firebug (level 6, -5/45 HPs)
             Began as a Draconian Fire Elementalist on Nov 27, 2017.
             Was an Initiate of Vehumet.
             Slain by mad's ghost (9 damage)
             ... on level 4 of the Dungeon.
             The game lasted 00:18:38 (3983 turns).

Hafrunt the Firebug (Draconian Fire Elementalist)   Turns: 3983, Time: 00:18:39

Health: -5/45      AC:  8    Str: 10    XL:     6   Next: 44%
Magic:  17/20      EV: 12    Int: 18    God:    Vehumet [......]
Gold:   149        SH:  0    Dex: 11    Spells: 2/12 levels left

rFire    . . .     SeeInvis .   s - +1 whip (venom)
rCold    . . .     Gourm    .   (no shield)
rNeg     . . .     Faith    .   (armour unavailable)
rPois    .         Spirit   .   (helmet restricted)
rElec    .         Reflect  .   m - +0 cloak
rCorr    .         Harm     .   (no gloves)
MR       .....                  p - +0 pair of boots
Stlth    ++........             (no amulet)
HPRegen  0.15/turn              o - ring of magical power
MPRegen  0.17/turn              x - ring of wizardry

@: no status effects
A: unfitting armour, cold-blooded, AC +6
a: Renounce Religion


You were on level 4 of the Dungeon.
You worshipped Vehumet.
Vehumet was noncommittal.
You were not hungry.

You visited 2 branches of the dungeon, and saw 5 of its levels.

You collected 149 gold pieces.

Inventory:

Hand Weapons
 s - a +1 whip of venom (weapon)
Missiles
 w - 7 javelins of returning (quivered)
Armour
 m - a +0 cloak (worn)
 p - a +0 pair of boots (worn)
Jewellery
 o - a ring of magical power (left hand)
 r - a ring of the Octopus King {rN+ AC+1 EV+1 Str+1 Int+1 Dex+1}
   (You found it on level 4 of the Dungeon)

   [ring of positive energy]

   It affects your AC (+1).
   It affects your evasion (+1).
   It affects your strength (+1).
   It affects your intelligence (+1).
   It affects your dexterity (+1).
   It protects you from negative energy.
 x - a ring of wizardry (right hand)
Wands
 y - a wand of acid (8)
Scrolls
 c - 2 scrolls of immolation
 h - a scroll of fog
 l - 2 scrolls of remove curse
 q - 2 scrolls of identify
Potions
 d - a potion of ambrosia {unknown}
 e - a potion of heal wounds {unknown}
 g - 5 potions of curing
 j - a potion of invisibility {unknown}
 k - a potion of brilliance {unknown}
 t - a potion of resistance
 v - 2 potions of haste {unknown}
 z - 2 potions of degeneration {unknown}
Books
 a - a book of Flames

   Spells                             Type                      Level
   a - Flame Tongue                   Conjuration/Fire             1
   b - Throw Flame                    Conjuration/Fire             2
   c - Conjure Flame                  Conjuration/Fire             3
   d - Inner Flame                    Hexes/Fire                   3
   e - Sticky Flame                   Conjuration/Fire             4
   f - Fireball                       Conjuration/Fire             5
 n - a book of Changes

   Spells                             Type                      Level
   a - Beastly Appendage              Transmutation                1
   b - Sticks to Snakes               Transmutation                2
   c - Spider Form                    Transmutation/Poison         3
   d - Ice Form                       Ice/Transmutation            4
   e - Blade Hands                    Transmutation                5
Comestibles
 b - 3 bread rations
 f - 3 meat rations
 i - 3 royal jellies


   Skills:
 - Level 1.7 Dodging
 - Level 1.7 Stealth
 + Level 3.5 Spellcasting
 + Level 3.2 Conjurations
 * Level 5.6 Fire Magic


You had 2 spell levels left.
You knew the following spells:

 Your Spells              Type           Power        Failure   Level  Hunger
a - Flame Tongue          Conj/Fire      ###..        1%          1    None
b - Throw Flame           Conj/Fire      ###...       1%          2    ##.....
c - Conjure Flame         Conj/Fire      ###.....     3%          3    ###....
d - Sticky Flame          Conj/Fire      ###.....     10%         4    ####...


Dungeon Overview and Level Annotations

Branches:
Dungeon (4/15)             Temple (1/1) D:4

Altars:
Ashenzari
Elyvilon
Fedhas
Gozag
Hepliaklqana
Kikubaaqudgha
Nemelex Xobeh
Okawaru
Ru
Sif Muna
Uskayaw
Vehumet
Wu Jian
Xom
Yredelemnul

Annotations:
D:4 mad's ghost, amateur CeHu


Innate Abilities, Weirdness & Mutations

Your plain brown scales are hard. (AC +6)
You cannot fit into any form of body armour.
You are cold-blooded and may be slowed by cold attacks.


Message History

Aim: a hound skeleton (moderately damaged)
The flame tongue hits the hound skeleton.
The hound skeleton is heavily damaged.
Mad's ghost misses you. The hound skeleton bites you.
Casting: Flame Tongue
Confirm with . or Enter, or press ? or * to list all spells.
Aiming: Flame Tongue
Press: ? - help, Shift-Dir - straight line, f/p - hound skeleton
Aim: a hound skeleton (heavily damaged)
The flame tongue hits the hound skeleton.
The hound skeleton is severely damaged.
The hound skeleton barely misses you. Mad's ghost hits you!
* * * LOW HITPOINT WARNING * * *
x2 The hound skeleton closely misses you.
The hound skeleton bites you but does no damage.
Mad's ghost barely misses you.
The hound skeleton bites you but does no damage.
The hound skeleton closely misses you. Mad's ghost hits you!
You die...

####.## #..........# .....#
#####.####...#.# . .###.#
#..(.>.# #...#.#.# ##
#..##......###...#...##### #
##........<##.......#....##.
# ####...............#......
# #....................# #
###........WZ.#........#
####..........@...........#
#.............<[.##..#....#
...##......#.##.....<....#
##.###..#....#.....#>....# .
...................#.....#
#.
####...............##>#....#
#. #.......[..........#
......# #.
#..................# #.....#
.####..###............ ..
..#


You could see mad's ghost and a hound skeleton.

Vanquished Creatures
  A hound (D:3)
  An orc wizard (D:3)
  An iguana (D:3)
  3 worker ants
  2 hound skeletons (D:4)
  Robin (D:3)
  8 adders
  An ooze (D:3)
  2 adder skeletons
  A worm (D:4)
  2 dart slugs
  3 leopard geckos
  15 orcs
  2 ball pythons (D:4)
  3 bats
  3 giant cockroaches
  2 gnoll zombies (D:2)
  16 goblins
  6 hobgoblins
  2 jackals (D:3)
  4 kobolds
  2 quokkas
  A frilled lizard (D:3)
  3 rats
85 creatures vanquished.

Notes
Turn   | Place    | Note
-------+----------+-------------------------------------------
     0 | D:1      | Hafrunt the Draconian Fire Elementalist began the quest for the Orb.
     0 | D:1      | Reached XP level 1. HP: 14/14 MP: 3/3
   611 | D:1      | Reached XP level 2. HP: 13/20 MP: 1/5
   615 | D:1      | Learned a level 2 spell: Throw Flame
   874 | D:2      | Reached XP level 3. HP: 26/26 MP: 6/6
  1276 | D:2      | Found a basalt altar of Yredelemnul.
  1491 | D:2      | Learned a level 3 spell: Conjure Flame
  1600 | D:3      | Reached skill level 4 in Fire Magic
  1606 | D:3      | Reached XP level 4. HP: 33/33 MP: 7/7
  2098 | D:3      | Noticed Robin
  2119 | D:3      | Reached XP level 5. HP: 20/38 MP: 4/9
  2123 | D:3      | Killed Robin
  2301 | D:3      | Found a blossoming altar of Fedhas.
  2480 | D:3      | Found a sparkling altar of Nemelex Xobeh.
  2703 | D:4      | Learned a level 4 spell: Sticky Flame
  2719 | D:3      | Reached skill level 5 in Fire Magic
  2876 | D:3      | Reached XP level 6. HP: 24/45 MP: 9/11
  3094 | D:4      | Found a deep blue altar of Sif Muna.
  3146 | D:4      | Found the ring of the Octopus King
  3164 | D:4      | Got a ring of the Octopus King
  3176 | D:4      | Identified a ring of the Octopus King {rN+ AC+1 EV+1 Str+1 Int+1 Dex+1} (You found it on level 4 of the Dungeon)
  3211 | D:4      | Found a staircase to the Ecumenical Temple.
  3222 | Temple   | Entered the Ecumenical Temple
  3458 | Temple   | Became a worshipper of Vehumet
  3714 | D:4      | Noticed mad's ghost (amateur CeHu)
  3983 | D:4      | Slain by mad's ghost

Vault maps used:
D:1:      dpeg_arrival_tiny_d
D:2:      lemuel_zombie_altar_yredelemnul
D:3:      overflow_temple_1_default, nemelex_xobeh_ov_fountains_minmay,
          uniq_robin
D:4:      minitemple, old_standard_altar, temple_hall, first_bread,
          roderic_lattice_a
Temple:   hc_temple_tempest_star

Skill      XL: |  1  2  3  4  5 |
---------------+----------------+-----
Conjurations   | 2 3 |  3.2
Fire Magic     | 4 5 |  5.6
Spellcasting   | 3 |  3.5
Dodging        | |  1.7
Stealth        | |  1.7

Action                   |  1- 3 |  4- 6 || total
-------------------------+-------+-------++-------
Melee: Short sword       |    11 |       ||    11
       Tailslap          |     3 |     5 ||     8
       Dagger            |    13 |     7 ||    20
       Whip              |       |    27 ||    27
 Cast: Flame Tongue      |    41 |   114 ||   155
       Throw Flame       |     7 |    15 ||    22
       Conjure Flame     |       |     4 ||     4
       Sticky Flame      |       |     4 ||     4
  Use: Scroll            |       |     8 ||     8
  Eat: Chunk             |     3 |     9 ||    12
Armor: Skin              |    13 |    47 ||    60
Dodge: Dodged            |    29 |    80 ||   109

Table legend:
 A = Spawn XP
 B = Non-spawn XP
 C = Spawn XP percentage of total XP
 D = Spawn monster count
 E = Non-spawn monster count
 F = Spawn count percentage of total count
 G = Total turns spent on level
                    A         B        C        D         E        F      G
               +---------+---------+-------+---------+---------+-------+---------
         Total |       0 |     537 |   0.0 |       0 |      85 |   0.0 |  3983
               +---------+---------+-------+---------+---------+-------+---------
           D:1 |       0 |      12 |   0.0 |       0 |       7 |   0.0 |   739
           D:2 |       0 |      67 |   0.0 |       0 |      16 |   0.0 |   859
           D:3 |       0 |     315 |   0.0 |       0 |      48 |   0.0 |  1631
           D:4 |       0 |     143 |   0.0 |       0 |      14 |   0.0 |   499
               +---------+---------+-------+---------+---------+-------+---------
